 Dungeon Crawl Stone Soup version 0.28-a0-612-gcfc00ec14d (webtiles) character file.

Game seed: 17019493893817942209

3868 rogsnak the Digger (level 9, -1/77 HPs)
             Began as a Black Draconian Earth Elementalist on Oct 5, 2021.
             Slain by an orc warrior (17 damage)
             ... on level 8 of the Dungeon.
             The game lasted 00:19:01 (8763 turns).

rogsnak the Digger (DrEE)                           Turns: 8763, Time: 00:19:02

Health: -1/77      AC:  9    Str: 16    XL:     9   Next: 99%
Magic:  14/17      EV: 14    Int: 19    God:
Gold:   342        SH:  0    Dex: 12    Spells: 15/19 levels left

rFire   . . .      SeeInvis .   F - +2 war axe (flame)
rCold   . . .      Faith    .   (no shield)
rNeg    . . .      Spirit   .   (armour unavailable)
rPois   .          Reflect  .   (helmet restricted)
rElec   +          Harm     .   J - +0 cloak
rCorr   .          Rampage  .   g - +0 pair of gloves
Will    .....                   (no boots)
Stlth   ++........              t - amulet of regeneration
HPRegen 1.22/turn               v - +6 ring of strength
MPRegen 0.15/turn               (no ring)

@: no status effects
A: breathe lightning, AC +7, unfitting armour, electricity resistance,
cold-blooded
a: Breathe Lightning


You were on level 8 of the Dungeon.
You visited 2 branches of the dungeon, and saw 9 of its levels.
You also visited: Sewer and Ossuary.

You collected 342 gold pieces.

Inventory:

Hand Weapons
 a - a +0 dagger
 h - a +0 rapier
 j - a +4 falchion
 s - a +2 mace of holy wrath
 y - a +3 quarterstaff
 F - a +2 war axe of flaming (weapon)
Missiles
 b - 303 stones
 P - 3 curare-tipped darts
 Q - 7 poisoned darts
Armour
 g - a +0 pair of gloves (worn)
 k - a +0 buckler
 G - +0 acid dragon scales
 J - a +0 cloak (worn)
Jewellery
 t - an amulet of regeneration (around neck)
 v - a +6 ring of strength (left hand)
Wands
 H - a wand of digging (3)
 I - a wand of iceblast (9)
Scrolls
 c - 4 scrolls of fear {unknown}
 e - 5 scrolls of teleportation {unknown}
 f - a scroll of enchant weapon {unknown}
 l - a scroll of brand weapon {unknown}
 o - 6 scrolls of identify {unknown}
 q - a scroll of fog {unknown}
 r - a scroll of torment {unknown}
 w - 2 scrolls of blinking {unknown}
 D - 2 scrolls of holy word {unknown}
 K - a scroll of vulnerability {unknown}
 L - a scroll of noise {unknown}
 N - a scroll of amnesia {unknown}
Potions
 d - 4 potions of brilliance {unknown}
 i - 2 potions of lignification {unknown}
 m - a potion of might {unknown}
 n - 3 potions of curing {unknown}
 p - 5 potions of mutation {unknown}
 u - a potion of ambrosia {unknown}
 x - a potion of haste {unknown}
 z - a potion of invisibility {unknown}
 A - 4 potions of magic {unknown}
 B - 4 potions of flight {unknown}
 C - a potion of degeneration {unknown}
 E - a potion of experience {unknown}
 M - 3 potions of attraction {unknown}
 O - 2 potions of heal wounds {unknown}


   Skills:
 + Level 6.3 Fighting
 + Level 6.3 Dodging
 - Level 2.0 Stealth
 + Level 5.6 Spellcasting
 * Level 5.1 Conjurations
 + Level 1.0 Transmutations
 * Level 7.1 Earth Magic


You had 15 spell levels left.
You knew the following spells:

 Your Spells              Type           Power      Damage    Failure   Level
a - Sandblast             Erth           64%        2d14      1%          1
b - Stone Arrow           Conj/Erth      56%        3d10      2%          3

Your spell library contained the following spells:

 Spells                   Type           Power      Damage    Failure   Level
 Passwall                 Tmut/Erth      16%        N/A       3%          2
 Beastly Appendage        Tmut           18%        N/A       8%          1
 Summon Small Mammal      Summ           20%        N/A       12%         1
 Wereblood                Tmut           9%         N/A       12%         2
 Slow                     Hex            5%         N/A       19%         2
 Petrify                  Tmut/Erth      20%        N/A       22%         4
 Spider Form              Tmut/Pois      3%         N/A       28%         3
 Call Canine Familiar     Summ           5%         N/A       34%         3
 Confusing Touch          Hex            5%         N/A       34%         3
 Portal Projectile        Hex/Tloc       10%        N/A       34%         3
 Summon Guardian Golem    Hex/Summ       5%         N/A       34%         3
 Blade Hands              Tmut           4%         N/A       91%         5
 Yara's Violent Unravell  Hex/Tmut       3%         3d4       95%         5
 Excruciating Wounds      Necr           2%         N/A       97%         5
 Chain Lightning          Conj/Air       7%         3d10      100%        9
 Fire Storm               Conj/Fire      7%         8d2       100%        9
 Shatter                  Erth           16%        3d15*     100%        9


Dungeon Overview and Level Annotations

Branches:
Dungeon (8/15)             Temple (1/1) D:5           Sewer (visited)
Ossuary (visited)
   Lair: D:8-11

Altars:
Ashenzari
Dithmenos
Fedhas
Gozag
Hepliaklqana
Nemelex Xobeh
Okawaru
Ru
Uskayaw
Vehumet
Wu Jian
The Shining One


Innate Abilities, Weirdness & Mutations

You can breathe wild blasts of lightning.
Your glossy black scales are hard. (AC +7)
You cannot fit into any form of body armour.
You are resistant to electric shocks. (rElec)
You are cold-blooded and may be slowed by cold attacks.


Message History

The orc closely misses you. The orc warrior misses you. The orc misses you.
You hit the orc. You burn the orc.
You kill the orc!
The orc warrior closely misses you.
The orc warrior hits you from afar with a +0 trident!
An orc comes into view. It is wielding a +2 flail of draining.
The orc warrior barely misses you.
There is a stone staircase leading up here.
Things that are here:
a +0 whip; a +0 leather armour; an orc corpse You closely miss the orc warrior.
The orc warrior hits you with a +0 trident!
You closely miss the orc warrior.
The orc warrior hits you with a +0 trident! x2
You hit the orc warrior. You burn the orc warrior.
Your tail-slap misses the orc warrior.
The orc warrior is moderately wounded.
The orc warrior hits you with a +0 trident.
You hit the orc warrior but do no damage.
The orc warrior is moderately wounded.
The orc warrior misses you. The orc warrior barely misses you.
An orc comes into view. It is wielding a +0 club.
You hit the orc warrior but do no damage.
You tail-slap the orc warrior.
The orc warrior is moderately wounded.
The orc warrior completely misses you.
You hit the orc warrior. You burn the orc warrior.
Your tail-slap misses the orc warrior.
The orc warrior is moderately wounded.
The orc warrior hits you with a +0 trident! x2
* * * LOW HITPOINT WARNING * * *
Casting: Stone Arrow (mildly dangerous; 2% risk of failure)
Confirm with . or Enter, or press ? or * to list all spells.
Aiming: Stone Arrow (mildly dangerous; 2% risk of failure)
Press: ? - help, Shift-Dir - straight line, f - orc warrior
Aim: an orc warrior, wielding a +0 trident and wearing a +0 chain mail (moderately wounded, 68% to hit)
The stone arrow misses the orc warrior.
The stone arrow hits the orc!
You kill the orc!
The orc warrior hits you with a +0 trident!
You die...

##### #.... ###
#.### .o# #####.##.
#)# #.<...[.. #o#
#.###.### #@# #.#
#.### #.# #.# #....
#.# #.# ##### #.#
#####.###
#.####.......#
#.......##.#.#
##..###..##.#.#
##........##.#.##
##.....#...##.#..##


You could see an orc warrior and an orc.

Vanquished Creatures
  A two-headed ogre (D:7)
  Maggie (D:6)
  2 water moccasins
  A hornet zombie (D:6)
  An orc warrior (D:8)
  A black bear (D:6)
  2 necrophages
  An ogre (D:5)
  An ice beast (D:7)
  4 centaurs
  A kobold brigand (D:8)
  7 water moccasin zombies
  2 scorpions (D:5)
  2 water moccasin skeletons
  6 killer bees (D:8)
  An oklob sapling (D:5)
  A bullfrog zombie (D:6)
  2 hounds
  A jelly (D:5)
  Crazy Yiuf (D:6)
  2 bullfrog skeletons (D:5)
  2 orc priests
  2 iguanas (D:5)
  5 orc wizards
  A scorpion zombie (D:5)
  A hound zombie (D:5)
  2 mummies (Ossuary)
  3 gnolls (D:7)
  A howler monkey skeleton (D:6)
  10 adders
  A river rat (Sewer)
  2 white imps
  5 adder zombies (Ossuary)
  An adder skeleton (D:4)
  2 worms (D:3)
  3 dart slugs (D:3)
  33 orcs
  9 ball pythons
  7 endoplasms
  6 giant cockroaches
  9 gnoll zombies (Ossuary)
  7 hobgoblins
  11 jackals
  3 bats
  10 frilled lizards
  6 goblins
  5 hobgoblin zombies (Ossuary)
  7 kobolds
  6 kobold zombies (Ossuary)
  2 orc zombies (Ossuary)
  13 rats
216 creatures vanquished.

Vanquished Creatures (others)
  3 fungi (D:6)
  11 plants (D:5)
14 creatures vanquished.

Grand Total: 230 creatures vanquished

Notes
Turn   | Place    | Note
-------+----------+-------------------------------------------
     0 | D:1      | rogsnak the Draconian Earth Elementalist began the quest
                  | for the Orb.
     0 | D:1      | Reached XP level 1. HP: 14/14 MP: 3/3
   466 | D:1      | Reached XP level 2. HP: 18/20 MP: 5/5
  1238 | D:1      | Reached XP level 3. HP: 18/27 MP: 6/6
  1534 | D:2      | Found a faded altar of an unknown god.
  1709 | D:2      | Learned a level 3 spell: Stone Arrow
  1927 | D:2      | Reached XP level 4. HP: 34/34 MP: 7/7
  2031 | D:3      | Reached skill level 1 in Fighting
  2418 | D:3      | Noticed a phantom
  3352 | D:3      | Reached skill level 4 in Earth Magic
  3456 | D:3      | Reached XP level 5. HP: 41/41 MP: 8/8
  3656 | D:4      | Noticed a centaur
  3670 | D:4      | Killed a centaur
  3751 | D:4      | Reached XP level 6. HP: 37/50 MP: 10/10
  4322 | D:5      | Entered Level 5 of the Dungeon
  4335 | D:5      | Reached skill level 5 in Earth Magic
  4407 | D:5      | Your scales start taking on a glossy black colour.
  4407 | D:5      | Reduced skill Earth Magic to level 4
  4407 | D:5      | Reached XP level 7. HP: 47/57 MP: 2/12
  4407 | D:5      | Gained mutation: You are resistant to electric shocks.
                  | (rElec) [Black Draconian growth]
  4544 | D:5      | Found a glowing drain.
  4564 | Sewer    | Entered a sewer
  4849 | D:5      | Reached skill level 1 in Conjurations
  4853 | D:5      | Reached skill level 5 in Earth Magic
  4984 | D:5      | Found a faded altar of an unknown god.
  4986 | D:5      | Found a hazy altar of Hepliaklqana.
  4993 | D:5      | Reached XP level 8. HP: 52/67 MP: 13/13
  5232 | D:5      | Found a staircase to the Ecumenical Temple.
  5254 | Temple   | Entered the Ecumenical Temple
  5760 | D:6      | Reached skill level 5 in Dodging
  5903 | D:6      | Noticed Maggie
  5913 | D:6      | Killed Maggie
  5914 | D:6      | Reached skill level 5 in Fighting
  6514 | D:6      | Found a runed translucent door.
  6515 | D:6      | Noticed Crazy Yiuf
  6520 | D:6      | Killed Crazy Yiuf
  6610 | D:7      | Reached XP level 9. HP: 60/74 MP: 16/16
  6613 | D:7      | Reached skill level 6 in Earth Magic
  6640 | D:7      | Noticed a two-headed ogre
  6944 | D:7      | Killed a two-headed ogre
  6945 | D:7      | Reached skill level 5 in Spellcasting
  7741 | D:8      | Found a sand-covered staircase.
  7751 | Ossuary  | Entered an ossuary
  7863 | Ossuary  | Reached skill level 7 in Earth Magic
  8282 | D:8      | Reached skill level 5 in Conjurations
  8763 | D:8      | Slain by an orc warrior

Illustrated notes

Levels and vault maps discovered:
D:1:      dpeg_arrival_prison, layout_basic
D:2:      layout_rooms, shapermc_ecumenical_altar_venn
D:3:      layout_loops_cross
D:4:      layout_rooms, hangedman_decor_points
D:5:      layout_rooms, beargit_hepliaklqana_dungeon_heroes,
          minmay_temple_entry_oklob, gup_sewer_entry_glass
D:6:      layout_rooms, st_stairs_13, minmay_misc_feat_rugged,
          uniq_crazy_yiuf_cottage, uniq_maggie
D:7:      layout_gridville
D:8:      layout_loops_corners, nicolae_ossuary_entry_monument
Temple:   minmay_temple_curvy_loop

Skill      XL: |  1  2  3  4  5  6  7  8  9 |
---------------+----------------------------+-----
Dodging        | 2 3 4 5 6 |  6.3
Stealth        | 2 |  2.0
Fighting       | 1 2 3 4 5 6 |  6.3
Earth Magic    | 4 4 5 7 |  7.1
Spellcasting   | 3 4 5 |  5.6
Conjurations   | 1 3 5 |  5.1
Transmutations | |  1.0

Action                   |  1- 3 |  4- 6 |  7- 9 || total
-------------------------+-------+-------+-------++-------
Melee: Dagger            |   121 |       |       ||   121
       Unarmed           |    10 |       |       ||    10
       Tailslap          |    21 |    19 |    31 ||    71
       Rapier            |    19 |       |       ||    19
       Falchion          |     6 |   145 |   100 ||   251
       War axe           |       |       |   232 ||   232
 Cast: Sandblast         |     7 |    17 |     8 ||    32
       Stone Arrow       |       |     4 |    62 ||    66
 Abil: Breathe Lightning |       |       |    13 ||    13
 Stab: Sleeping          |     3 |     4 |     1 ||     8
       Distracted        |       |       |     1 ||     1
Armor: Skin              |    45 |    66 |   159 ||   270
Dodge: Dodged            |   103 |    98 |   275 ||   476

Table legend: (Time is in decaauts)
 A = Elapsed time spent in this place.
 B = Non-inter-level travel time spent in this place.
 C = Inter-level travel time spent in this place.
 D = Time resting spent in this place.
 E = Time spent auto-exploring this place.
 F = Levels seen in this place.
 G = Mean time per level.
                   A        B        C        D        E       F      G
               +--------+--------+--------+--------+--------+-----+--------+
         Total |   9009 |   8798 |    211 |   1143 |   4963 |  11 |  819.0 |
       Dungeon |   8077 |   7866 |    211 |   1043 |   4681 |   8 | 1009.6 |
        Temple |    256 |    256 |      0 |      0 |    215 |   1 |  256.0 |
         Sewer |    298 |    298 |      0 |      0 |     67 |   1 |  298.0 |
       Ossuary |    376 |    376 |      0 |    100 |      0 |   1 |  376.0 |
               +--------+--------+--------+--------+--------+-----+--------+

Top non-repeatable levels by time:
     D:1: 1649 daAuts
     D:3: 1264 daAuts
     D:6: 1146 daAuts
     D:7: 1045 daAuts
     D:8: 787 daAuts
     D:4: 737 daAuts
     D:5: 731 daAuts
     D:2: 715 daAuts
 Ossuary: 376 daAuts
   Sewer: 298 daAuts
  Temple: 256 daAuts
